AoeStats
← CHMB_Danchi

Marketplace

506705740Analyzed
1v1 RM · 17d ago on Sep 14, 2026· 48m 8s· 2 players
Game mode
Random Map
Map size
Tiny (2 player)
Population
200
Speed
Normal
Resources
Standard
Victory
Conquest
Starting age
Dark Age
Ending age
Imperial Age
RankedLock teamsTeams togetherTeam positionsShared explorationLock speedFull tech treeHidden civsTurbo modeCheats
Victory
Defeat
🇧🇷 Vietnamese · Brazil
805
+14
🇦🇷 Persians · Argentina
768
-14
CHMB_Danchi
6:57 Loom
11:22 Feudal Age
12:31 Double-Bit Axe
13:22 Horse Collar
21:02 Wheelbarrow
20:13 Town Watch
25:46 Scale Barding Armor
28:32 Forging
28:24 Scale Mail Armor
28:18 Fletching
30:54 Castle Age
31:22 Bloodlines
31:59 Hand Cart
32:26 Iron Casting
32:12 Chain Barding Armor
32:07 Chain Mail Armor
31:50 Bodkin Arrow
35:38 Kamandaran
36:46 Bow Saw
38:13 Crossbowman
39:07 Padded Archer Armor
42:59 Imperial Age
41:35 Leather Archer Armor
45:31 Chemistry
45:04 Ring Archer Armor
45:35 Blast Furnace
45:11 Plate Barding Armor
renesampaio
2:34 Loom
10:51 Feudal Age
11:24 Double-Bit Axe
11:23 Horse Collar
22:25 Castle Age
20:38 Stone Mining
21:01 Gold Mining
27:06 Bow Saw
26:23 Man-at-Arms
31:40 Pikeman
32:20 Squires
39:29 Imperial Age
38:01 Wheelbarrow
37:42 Heavy Plow
37:43 Long Swordsman
40:34 Stone Shaft Mining
40:19 Hand Cart
39:40 Two-Handed Swordsman
40:31 Forging
40:22 Scale Mail Armor
41:56 Iron Casting
45:16 Chemistry
46:34 Murder Holes
Connection lost

Rejoining the realm…

Still unreachable

The connection could not be restored.

Session expired

The server has moved on; the page needs a fresh start.